cohdb
Replays
Latest Replays
All Replays
Popular Replays
Top Player Replays
Match Explorer
How It Works
Community
CoH3 Stats
Reddit
Sign in to upload your games and track your stats! →
Sign in with Steam
Match 40550335
Unlisted
Match 40550335
Overview
Messages
Build Orders
End
Pioneer Squad
Construct Infanterie Kompanie
Selects Terror Battlegroup
Grenadier Squad
Selects Machine Gun Camouflage
Grenadier Squad
MG 42 Machine Gun Team
GrW 34 Mortar Team
Construct Panzergrenadier Kompanie
Medical Station
Support Elements
Pak 40 Anti-tank Gun Team
StuG III G Assault Gun
Selects Defend the Fatherland
Panzergrenadier Officer Quarters
Nebelwerfer 42 Rocket Launcher Team
StuG III G Assault Gun
Panzergrenadier Squad
BigTiddyLebron
kreumat
ZOMBIEGIRL
antar_javier
0
0
Comments
sign in to comment!
No comments posted yet!